Map: Orbital Shipyard

Players

PerseVerAnce

  • Race: Terran Terran
  • League: Platinum

Jacky - Winner!

  • Race: Zerg Zerg
  • League: Platinum

VOD

Have the link to the VOD?

Description

Time

  • Played on: Feb. 10, 2016, 4:22 a.m.
  • Length: 5:11
Show
View Real Time Build Order
Export as new Build Order

PerseVerAnce Terran 

Build Orders: Reaper Expand 

Get SALT Encoding   

  12  0:00  SCV  
  13  0:13  SCV  
  14  0:17  Supply Depot  
  14  0:25  SCV  
  15  0:39  SCV  
  15  0:41  Barracks  
  16  0:45  Refinery  
  16  0:51  SCV  
  17  1:03  SCV  
  18  1:15  SCV  
  19  1:29  Reaper  
  19  1:31  Orbital Command  
  20  1:43  Command Center  
  20  1:55  Supply Depot  
  20  1:56  SCV  
  21  2:01  Refinery  
  21  2:02  Barracks Reactor  
  21  2:09  SCV  
  22  2:21  SCV  
  23  2:27  Factory  
  23  2:33  SCV  
  24  2:40  Marine x2  
  26  2:45  SCV  
  27  2:55  Orbital Command  
  27  2:57  SCV  
  28  2:59  Marine x2  
  30  3:13  Starport  
  30  3:26  SCV x2  
  32  3:30  Hellion x2  
  36  3:34  Barracks Reactor  
  36  3:35  Supply Depot  
  35  3:46  SCV x2  
  37  3:52  Hellion x2  
  41  3:58  Supply Depot  
  41  4:02  SCV x2  
  38  4:23  Marine  
  29  4:25  Hellion x2  
  29  4:41  Marine  
  21  4:56  SCV x2  
Show
View Real Time Build Order
Export as new Build Order

Jacky Zerg - Winner!

Build Orders: Pool First, Zergling Baneling 

Get SALT Encoding   

  12  0:03  Drone  
  13  0:10  Drone  
  14  0:18  Overlord  
  14  0:35  Spawning Pool  
  13  0:37  Drone  
  13  0:41  Drone  
  15  0:45  Drone  
  15  0:48  Extractor  
  15  0:55  Drone  
  16  1:18  Hatchery  
  15  1:27  Queen  
  17  1:32  Drone  
  17  1:38  Zergling x2  
  19  1:41  Zergling x2  
  20  1:50  Overlord  
  20  2:00  Metabolic Boost  
  20  2:02  Drone  
  20  2:08  Zergling x2  
  22  2:16  Zergling x2  
  23  2:28  Zergling x2  
  24  2:42  Zergling x2  
  24  2:43  Zergling x8  
  29  2:47  Baneling Nest  
  29  2:48  Zergling x2  
  29  2:54  Zergling x2  
  29  2:57  Zergling x2  
  31  3:13  Zergling x4  
  31  3:15  Zergling x4  
  31  3:16  Zergling x2  
  36  3:24  Overlord  
  36  3:31  Overlord  
  36  3:42  Zergling x6  
  39  3:55  Baneling x5  
  39  3:56  Baneling x3  
  39  3:58  Zergling x2  
  40  4:05  Zergling x2  
  40  4:06  Zergling x2  
  38  4:21  Zergling x6  
  36  4:29  Zergling x4  
  36  4:30  Zergling x2  
  39  4:32  Baneling  
  39  4:42  Baneling x3  
  39  4:50  Zergling x6  
Tags
 
Add a new tag
Caveats
  • Supply blocks, unpowered buildings, or Contaminate may cause inaccurate times.
  • Supply counts are checked every 10 seconds.